 Dungeon Crawl Stone Soup version 0.30-a0-1043-g60ff8d5f49 (webtiles) character file.

Game seed: 17978442018683654626

535 bande the Shield-Bearer (level 7, -2/44 HPs)
             Began as a Gargoyle Fighter on Apr 10, 2023.
             Slain by a gnoll
             ... wielding a +1 halberd of protection
              (9 damage)
             ... on level 4 of the Dungeon.
             The game lasted 00:05:58 (2895 turns).

bande the Shield-Bearer (Gargoyle Fighter)          Turns: 2895, Time: 00:05:59

Health: -2/44      AC: 13    Str: 19    XL:     7   Next: 25%
Magic:  7/7        EV:  6    Int:  9    God:
Gold:   190        SH: 13    Dex: 11    Spells: 6/6 levels left

rFire   . . .      SeeInvis .    a - +0 war axe
rCold   . . .      Faith    .    i - +0 tower shield
rNeg    + . .      Spirit   .    b - +0 scale mail
rPois   ∞          Reflect  .    (no helmet)
rElec   +          Rampage  .    j - +0 cloak
rCorr   .                        (no gloves)
Will    .....                    (no boots) Stlth
                                 e - amulet of regeneration
HPRegen 1.07/turn                (no ring)
MPRegen 0.10/turn                (no ring)

@: no status effects
A: sickness immunity, AC +4, negative energy resistance 1, electricity
resistance, torment resistance 1, petrification resistance
a: no special abilities


You were on level 4 of the Dungeon.
You visited 1 branch of the dungeon, and saw 4 of its levels.

You collected 190 gold pieces.

Inventory:

Hand Weapons
 a - a +0 war axe (weapon)
 g - a +0 mace of pain
Armour
 b - a +0 scale mail (worn)
 i - a +0 tower shield (worn)
 j - a +0 cloak (worn)
Jewellery
 e - an amulet of regeneration (around neck)
 n - a ring of magical power
Wands
 o - a wand of acid (2)
 p - a wand of flame (13)
Scrolls
 m - a scroll of teleportation
Potions
 c - a potion of mutation
 d - 4 potions of might
 f - a potion of invisibility
 h - a potion of ambrosia {unknown}
 k - 2 potions of heal wounds
 l - a potion of brilliance {unknown}


   Skills:
 + Level 4.6 Fighting
 + Level 4.5 Axes
 + Level 4.4 Armour
 - Level 0.1 Dodging
 + Level 5.2 Shields
 * Level 1.2 Evocations


You had 6 spell levels left.
You didn't know any spells.
Your spell library contained the following spells:

 Spells                   Type           Power      Damage    Failure   Level
 Summon Small Mammal      Summ           0%         N/A       100%        1
 Call Canine Familiar     Summ           0%         N/A       100%        3
 Gell's Gravitas          Tloc           0%         N/A       100%        3
 Stone Arrow              Conj/Erth      0%         3d7       100%        3
 Summon Guardian Golem    Hex/Summ       0%         N/A       100%        3
 Teleport Other           Tloc           0%         N/A       100%        3
 Animate Armour           Summ/Erth      0%         N/A       100%        4
 Dispersal                Tloc           0%         N/A       100%        6
 Lehudib's Crystal Spear  Conj/Erth      0%         10d2      100%        8


Dungeon Overview and Level Annotations

Branches:
Dungeon (4/15)
 Temple: D:4-7

Altars:
Gozag
Makhleb
Qazlal

Shops:
D:1 [


Innate Abilities, Weirdness & Mutations

You are immune to sickness and miasma.
Your stone body is resilient. (AC +4)
You are immune to poison.
You resist negative energy. (rN+)
You are resistant to electric shocks. (rElec)
You are resistant to unholy torment.
You are immune to petrification.


Message History

Items here: ))) ††.
The gnoll hits you with a +1 halberd of protection!
* * * LOW HITPOINT WARNING * * *
You block the gnoll's attack. You block the gnoll's attack.
You barely miss the gnoll. The gnoll barely misses you.
You hit the gnoll but do no damage. The gnoll hits you but does no damage.
You block the gnoll's attack.
You closely miss the gnoll. You block the gnoll's attack. x2
You hit the gnoll.
The gnoll is heavily wounded.
The gnoll hits you but does no damage.
You closely miss the gnoll.
The gnoll is heavily wounded.
You block the gnoll's attack.
The gnoll hits you with a +1 halberd of protection.
You closely miss the gnoll.
The gnoll is heavily wounded.
You block the gnoll's attack.
You hit the gnoll but do no damage.
The gnoll is heavily wounded.
You block the gnoll's attack. x2
You hit the gnoll.
The gnoll is severely wounded.
The gnoll hits you with a +1 halberd of protection!
* * * LOW HITPOINT WARNING * * *
The gnoll hits you but does no damage.
You barely miss the gnoll.
The gnoll is severely wounded.
You block the gnoll's attack.
You closely miss the gnoll.
The gnoll is severely wounded.
The gnoll hits you with a +1 halberd of protection!
* * * LOW HITPOINT WARNING * * *
The gnoll hits you but does no damage.
You barely miss the gnoll.
The gnoll is severely wounded.
The gnoll barely misses you.
The gnoll hits you with a +1 halberd of protection!
You die...

.##.....##.####..##############..
.#.......#.................#.....
.#.......#..##############.......
....._.....## ###..#.....
.#.......#.####### #...##.....
.#.......#.##....# ####.####.....
)##.....##.##....# #....## #.....
.####.####.##....###.....###.....
................@).....#..##.....
..#......#.##...g#####...........
#..........##....# ####....#...
###.......###....# #########
#......## #....# ....... #......#
###### §≈...5. #......# ≈≈..._.
#......# §≈..... ######## .≈≈....


You could see a gnoll.

Vanquished Creatures
  An ogre (D:4)
  A phantom (D:3)
  An orc priest (D:3)
  3 iron imps (D:4)
  An orc wizard (D:3)
  5 adders
  6 gnolls
  An ufetubus (D:3)
  4 worms
  A dart slug (D:2)
  14 orcs
  11 ball pythons
  7 bats
  8 endoplasms
  4 giant cockroaches
  9 goblins
  3 hobgoblins
  11 jackals
  4 quokkas
  2 frilled lizards
  9 kobolds
  A rat (D:1)
107 creatures vanquished.

Notes
Turn   | Place    | Note
-------+----------+-------------------------------------------
     0 | D:1      | bande the Gargoyle Fighter began the quest for the Orb.
     0 | D:1      | Reached XP level 1. HP: 14/14 MP: 1/1
    86 | D:1      | Reached XP level 2. HP: 18/19 MP: 2/2
   607 | D:1      | Reached XP level 3. HP: 24/24 MP: 3/3
   618 | D:1      | Found Harhav's Armour Boutique.
   798 | D:2      | Reached XP level 4. HP: 26/29 MP: 4/4
   880 | D:2      | Reached skill level 4 in Shields
  1416 | D:3      | Reached XP level 5. HP: 26/33 MP: 5/5
  2145 | D:3      | Found a stormy altar of Qazlal.
  2304 | D:4      | Noticed a phantom
  2318 | D:3      | Killed a phantom
  2319 | D:3      | Reached XP level 6. HP: 31/39 MP: 6/6
  2458 | D:4      | Found a burning altar of Makhleb.
  2496 | D:4      | Reached skill level 5 in Shields
  2605 | D:4      | Reached skill level 1 in Evocations
  2605 | D:4      | Reached XP level 7. HP: 36/44 MP: 7/7
  2790 | D:4      | Found an opulent altar of Gozag.
  2895 | D:4      | Slain by a gnoll

Illustrated notes

Levels and vault maps discovered:
D:1:      lightli_arrival_statuegarden, layout_loops_ring, serial_shops, shop,
          minmay_pentomino_u4
D:2:      layout_rooms, serial_rivers, chequers_serial_rivers_micro_c,
          chequers_serial_rivers_large_b, chequers_serial_rivers_room_b,
          chequers_serial_rivers_large_a, hangedman_glass_teeth
D:3:      layout_basic, mainiacjoe_overflow_surrounded_room,
          supply_closet_lemuel, minmay_misc_feat_more_columns,
          palyth_stone_intersect, corexii_leaking_fountain
D:4:      layout_rooms, demons_altar, old_standard_altar, minmay_misc_feat_room

Skill      XL: |  1  2  3  4  5  6 |
---------------+-------------------+-----
Axes           | 2 3 4 |  4.5
Shields        | 4 5 |  5.2
Fighting       | 4 |  4.6
Armour         | 4 |  4.4
Evocations     | 1 |  1.2
Dodging        | |  0.1

Action                     |  1- 3 |  4- 6 |  7- 9 || total
---------------------------+-------+-------+-------++-------
  Melee: War axe           |   103 |   208 |    57 ||   368
    Use: Scroll            |     3 |     5 |       ||     8
 Armour: Scale mail        |    54 |   171 |    26 ||   251
  Dodge: Dodged            |    36 |    70 |    14 ||   120
  Block: Buckler           |    14 |       |       ||    14
         Tower shield      |    57 |   188 |    58 ||   303

Table legend: (Time is in decaauts)
 A = Elapsed time spent in this place.
 B = Non-inter-level travel time spent in this place.
 C = Inter-level travel time spent in this place.
 D = Time resting spent in this place.
 E = Time spent auto-exploring this place.
 F = Levels seen in this place.
 G = Mean time per level.
                   A        B        C        D        E       F      G
               +--------+--------+--------+--------+--------+-----+--------+
         Total |   3188 |   3144 |     44 |    413 |   1765 |   4 |  797.0 |
       Dungeon |   3188 |   3144 |     44 |    413 |   1765 |   4 |  797.0 |
               +--------+--------+--------+--------+--------+-----+--------+

Top non-repeatable levels by time:
     D:3: 1146 daAuts
     D:1: 765 daAuts
     D:2: 750 daAuts
     D:4: 525 daAuts
